 Dungeon Crawl Stone Soup version 0.26.1-11-gd32895ea62 (webtiles) character file.

Game seed: 17244364742607275999

8454 Almogavar the Basher (level 11, -2/67 HPs)
             Began as a Gargoyle Fighter on July 7, 2021.
             Was an Initiate of Okawaru.
             Slain by an orc knight
             ... wielding a +1 long sword of holy wrath
              (25 damage)
             ... on level 8 of the Dungeon.
             The game lasted 00:28:46 (8560 turns).

Almogavar the Basher (Gargoyle Fighter)             Turns: 8560, Time: 00:28:47

Health: -2/67      AC: 30    Str: 22    XL:     11   Next: 31%
Magic:  11/11      EV: 15    Int: 10    God:    Okawaru [......]
Gold:   1147       SH: 17    Dex: 12    Spells: 10/10 levels left

rFire    . . .     SeeInvis .   L - +2 flail (protect)
rCold    . . .     Faith    .   c - +0 kite shield
rNeg     + . .     Spirit   .   J - +3 scale mail {Will+}
rPois    ∞         Reflect  +   o - +0 helmet
rElec    +         Harm     .   i - +0 cloak {Stlth+}
rCorr    +         Rampage  .   (no gloves)
Will     +....                  F - +0 pair of boots
Stlth    ..........             U - amulet of reflection
HPRegen  0.21/turn              E - ring "Bimulli" {rElec EV+4 Dex+3}
MPRegen  0.12/turn              T - ring of resist corrosion

@: protection aura, studying Maces & Flails
A: negative energy resistance 1, electricity resistance, unbreathing,
petrification resistance, miasma immunity, AC +8
a: Renounce Religion


You were on level 8 of the Dungeon.
You worshipped Okawaru.
Okawaru was noncommittal.
You visited 2 branches of the dungeon, and saw 10 of its levels.
You also visited: Bailey.

You collected 1147 gold pieces.

Inventory:

Hand Weapons
 D - the +1 trident of the Dead {vorpal, rC+ SInv Stlth-}
   (You found it on level 6 of the Dungeon)

   It inflicts extra damage upon your enemies.
   It protects you from cold.
   It lets you see invisible.
   It makes you less stealthy.
 L - a +2 flail of protection (weapon)
 N - the +2 falchion "Plojy" {elec, Will+ Str+7, unknown}
   (You found it on level 7 of the Dungeon)

   Occasionally, upon striking a foe, it can discharge electrical energy and
   cause terrible harm.
   It affects your strength (+7).
   It affects your willpower, your defense against some magical effects.
 O - the +1 trident of the Lurker {venom, rF- rN+++ Int+3, unknown}
   (You found it on level 7 of the Dungeon)

   It poisons the flesh of those it strikes.
   It affects your intelligence (+3).
   It makes you vulnerable to fire.
   It renders you almost immune to negative energy.
Missiles
 e - 408 stones (quivered)
 m - 76 bolts
Armour
 c - a +0 kite shield (worn)
 i - a +0 cloak of stealth (worn)
 o - a +0 helmet (worn)
 F - a +0 pair of boots (worn)
 I - a +2 plate armour of poison resistance
 J - a +3 scale mail of willpower (worn)
Magical Staves
 Q - an uncursed staff of poison {unknown}
Jewellery
 l - an uncursed amulet of regeneration
 x - an uncursed ring of flight
 B - an uncursed ring of see invisible
 E - the ring "Bimulli" (left hand) {rElec EV+4 Dex+3}
   (You found it on level 6 of the Dungeon)

   [ring of evasion]

   It affects your evasion (+4).
   It affects your dexterity (+3).
   It insulates you from electricity.
 H - an uncursed ring of positive energy
 R - an uncursed amulet of magic regeneration
 T - a ring of resist corrosion (right hand)
 U - an amulet of reflection (around neck)
Wands
 b - a wand of paralysis (3)
 h - a wand of disintegration (15)
 y - a wand of acid (7)
 V - a wand of iceblast (8)
Scrolls
 g - 2 scrolls of amnesia
 j - 4 scrolls of remove curse
 k - a scroll of enchant armour {unknown}
 n - a scroll of magic mapping
 p - 2 scrolls of blinking {unknown}
 r - 2 scrolls of fog {unknown}
 t - a scroll of enchant weapon {unknown}
 v - 2 scrolls of teleportation {unknown}
 C - a scroll of immolation {unknown}
 K - a scroll of fear {unknown}
 M - a scroll of random uselessness {unknown}
 S - a scroll of vulnerability {unknown}
Potions
 a - 2 potions of lignification {unknown}
 f - a potion of invisibility {unknown}
 q - a potion of berserk rage {unknown}
 s - 2 potions of cancellation {unknown}
 u - a potion of heal wounds
 w - a potion of flight {unknown}
 z - 5 potions of curing {unknown}
 A - a potion of haste {unknown}
 G - 2 potions of brilliance {unknown}
Books
 d - a manual of Maces & Flails
Miscellaneous
 P - a phantom mirror


   Skills:
 + Level 7.0 Fighting
 + Level 10.7 Maces & Flails
 + Level 7.5 Armour
 + Level 4.6 Dodging
 + Level 10.6 Shields
 + Level 1.1 Evocations


You had 10 spell levels left.
You didn't know any spells.
Your spell library contained the following spells:

 Spells                   Type           Power        Failure   Level
 Animate Skeleton         Necr           0%           83%         1
 Apportation              Tloc           0%           83%         1
 Corona                   Hex            0%           83%         1
 Summon Small Mammal      Summ           0%           83%         1


Dungeon Overview and Level Annotations

Branches:
Dungeon (9/15)             Temple (1/1) D:7          Bailey (visited)
   Lair: D:8-11         Orc: D:9-12

Altars:
Ashenzari
Cheibriados
Dithmenos
Elyvilon
Fedhas
Hepliaklqana
Kikubaaqudgha
Makhleb
Nemelex Xobeh
Okawaru
Qazlal
Ru
Sif Muna
Trog
Uskayaw
Vehumet
Wu Jian
Xom
Yredelemnul
The Shining One

Shops:
D:4 [


Innate Abilities, Weirdness & Mutations

You are resistant to torment.
Your stone body is resilient. (AC +8)
You are immune to poison.
You resist negative energy. (rN+)
You are resistant to electric shocks. (rElec)
You can survive without breathing.
You are immune to petrification.
You are immune to miasma.


Message History

The orc knight is severely wounded.
The orc no longer looks unusually strong.
The orc knight hits you with a +0 battleaxe.
The orc knight hits you but does no damage.
The orc warrior closely misses you.
Unknown command.
You closely miss the orc knight.
The orc knight is severely wounded.
The orc knight roars a battlecry!
The orc goes into a battle-frenzy!
The orc knight splashes around in the water.
Unknown command.
You hit the orc knight.
The orc knight is almost dead.
You block the orc warrior's attack. The orc knight barely misses you.
Unknown command.
You barely miss the orc knight.
The orc knight is almost dead.
The orc knight hits you with a +1 long sword of holy wrath!!
You die...

..#.......##...........#.........
.<#.......*#.#........##.........
#*##......##.#)........#....#....
***###....#................##....
,,,.........................P....
≈≈≈≈≈≈≈..).≈≈≈≈≈≈≈≈≈≈≈≈≈≈≈≈≈≈≈...
≈≈≈≈≈≈≈....≈≈≈≈≈≈≈≈≈≈≈≈≈≈≈≈≈≈≈...
≈≈≈≈≈≈≈....≈≈oo≈o≈≈≈≈≈≈#####≈≈...
,,,..........ooo@......#...#≈≈...
***####'')/#############...#≈≈...
,,,,,,#...)#,,,,,,,,,,,*+###≈≈P.,
,**,**#....#,**,*,,,,,,,,*,≈≈≈,,,
,*,,,,#..oo#,,,,*,,,,,,,,*,≈≈≈,,,
******#....#******++****+*,≈≈≈,,,
,,,,,,#...o#,,,,,,,,,*,*,*,≈≈≈,,,
,,*8,,'....',,,,,,,,,+,*,*,≈≈≈,,,
,,*8,.'....',,,,,,,,,*,*,*,≈≈≈,,,


You could see 2 orc knights, an orc warrior (strong) and 3 orcs.

Vanquished Creatures
  A boulder beetle (D:7)
  A tengu warrior (D:7)
  Pikel (D:4)
  A cyclops (D:7)
  Maurice (D:8)
  A hornet (D:7)
  A wyvern (D:8)
  4 wargs (D:8)
  Edmund (D:6)
  A hornet zombie (D:7)
  An ice beast (D:7)
  5 orc warriors
  A sky beast (D:7)
  A black bear (D:7)
  4 phantoms
  4 ogres
  3 centaurs
  10 bullfrogs
  8 gnoll sergeants (Bailey)
  4 killer bees
  2 scorpions
  3 wights (D:8)
  3 howler monkeys
  3 jellies
  6 hounds
  A bullfrog skeleton (D:7)
  A centaur skeleton (D:4)
  2 orc priests
  6 gnoll shamans (Bailey)
  9 orc wizards
  Jessica (D:2)
  4 iguanas
  Ijyb (D:4)
  7 worker ants
  A killer bee zombie (D:7)
  A hound zombie (D:5)
  A hound skeleton (D:4)
  A worker ant zombie (D:6)
  12 adders
  25 gnolls
  3 shadow imps
  4 white imps
  2 ufetubi
  An ooze (D:1)
  An adder skeleton (D:4)
  An adder zombie (D:5)
  2 worms (D:2)
  3 dart slugs
  7 leopard geckos
  20 orcs
  3 ball pythons
  4 giant cockroaches
  12 goblins
  4 hobgoblins
  13 jackals
  2 quokkas
  10 bats
  7 frilled lizards
  8 kobolds
  9 rats
260 creatures vanquished.

Vanquished Creatures (others)
  6 plants (D:9)
6 creatures vanquished.

Grand Total: 266 creatures vanquished

Notes
Turn   | Place    | Note
-------+----------+-------------------------------------------
     0 | D:1      | Almogavar the Gargoyle Fighter began the quest for the Orb.
     0 | D:1      | Reached XP level 1. HP: 14/14 MP: 1/1
   275 | D:1      | Reached XP level 2. HP: 19/19 MP: 2/2
   362 | D:1      | Reached XP level 3. HP: 20/23 MP: 3/3
   908 | D:2      | Noticed Jessica
   919 | D:2      | Killed Jessica
   920 | D:2      | Reached XP level 4. HP: 28/28 MP: 4/4
  1028 | D:2      | Noticed a centaur
  1045 | D:2      | Killed a centaur
  1046 | D:2      | Reached skill level 1 in Dodging
  1046 | D:2      | Reached XP level 5. HP: 27/33 MP: 5/5
  1165 | D:2      | Reached XP level 6. HP: 33/38 MP: 6/6
  1390 | D:2      | Found an ancient bone altar of Kikubaaqudgha.
  2378 | D:3      | Found a shimmering altar of Xom.
  2783 | D:4      | Noticed Pikel
  2828 | D:4      | Killed Pikel
  2829 | D:4      | Reached skill level 5 in Maces & Flails
  2829 | D:4      | Reached skill level 5 in Armour
  2829 | D:4      | Reached skill level 5 in Shields
  2829 | D:4      | Reached XP level 7. HP: 39/43 MP: 7/7
  2965 | D:4      | Found a bloodstained altar of Trog.
  2991 | D:4      | Reached XP level 8. HP: 7/48 MP: 8/8
  3251 | D:4      | Found a snail-covered altar of Cheibriados.
  3294 | D:4      | Found Lammouck's Armour Emporium.
  3333 | D:4      | Noticed Ijyb
  3356 | D:4      | Killed Ijyb
  4011 | D:5      | Entered Level 5 of the Dungeon
  4298 | D:5      | Reached skill level 5 in Fighting
  4298 | D:5      | Reached XP level 9. HP: 46/54 MP: 9/9
  4605 | D:5      | Found a hazy altar of Hepliaklqana.
  4659 | D:5      | Found Munutwoo's Magic Scroll Shoppe.
  4733 | D:6      | Found a glowing golden altar of the Shining One.
  4734 | D:6      | Found a shadowy altar of Dithmenos.
  4734 | D:6      | Found a sacrificial altar of Ru.
  4769 | D:6      | Got a twitching tin ring
  4771 | D:6      | Identified the ring "Bimulli" {rElec EV+4 Dex+3} (You found
                  | it on level 6 of the Dungeon)
  4888 | D:6      | Found a white marble altar of Elyvilon.
  5128 | D:6      | You fall into a shaft and drop 3 floors!
  5225 | D:9      | Found a sparkling altar of Nemelex Xobeh.
  5378 | D:9      | Found a broken altar of Ashenzari.
  5485 | D:8      | Found a flagged portal.
  5508 | Bailey   | Entered a bailey
  5684 | Bailey   | Reached XP level 10. HP: 54/60 MP: 10/10
  6264 | D:8      | Noticed Maurice
  6281 | D:8      | Paralysed by something for 5 turns
  6372 | D:8      | Killed Maurice
  6579 | D:8      | Found a burning altar of Makhleb.
  6968 | D:6      | Noticed Edmund
  6992 | D:6      | Killed Edmund
  6993 | D:6      | Reached skill level 1 in Evocations
  7007 | D:6      | Got a polished trident
  7096 | D:6      | Identified the cursed +1 trident of the Dead {vorpal, rC+
                  | SInv Stlth-} (You found it on level 6 of the Dungeon)
  7269 | D:7      | Noticed a cyclops
  7281 | D:7      | Killed a cyclops
  7282 | D:7      | Reached skill level 10 in Shields
  7291 | D:7      | Noticed a boulder beetle
  7293 | D:7      | Noticed a tengu warrior
  7300 | D:7      | Killed a tengu warrior
  7301 | D:7      | Reached XP level 11. HP: 66/66 MP: 11/11
  7309 | D:7      | Reached skill level 10 in Maces & Flails
  7334 | D:7      | Killed a boulder beetle
  7348 | D:7      | Got a twisted falchion
  7353 | D:7      | Got a warped trident
  7399 | D:7      | Found a staircase to the Ecumenical Temple.
  7408 | Temple   | Entered the Ecumenical Temple
  8007 | D:7      | Found an iron altar of Okawaru.
  8020 | D:7      | Became a worshipper of Warmaster Okawaru
  8517 | D:8      | Noticed an orc knight
  8521 | D:8      | Noticed an orc knight
  8560 | D:8      | Slain by an orc knight

Illustrated notes

Levels and vault maps discovered:
D:1:      dpeg_arrival_short_road, layout_loops_ring
D:2:      layout_loops_corners, marbit_many_paths, uniq_jessica
D:3:      layout_basic, nicolae_overflow_hidden_temple
D:4:      layout_gridville, bloody_trog, serial_shops, nicolae_shop_crystal,
          cheibriados_altar_1, uniq_ijyb, uniq_pikel
D:5:      layout_rooms, basic_altar, serial_shops,
          nicolae_shop_temple_entry_statues_fountains
D:6:      layout_layer_cave, chequers_temple_overflow_statue_of_worship,
          elyvilon_altar_5, uniq_edmund
D:7:      minmay_the_grid_octo_tiled_octocenter [minmay_the_grid_octo_chip,
          minmay_the_grid_octo_tetromino_candy, minmay_the_grid_octo_focus,
          minmay_the_grid_octo_horde,
          minmay_the_grid_octo_prize_square_snowflake,
          minmay_the_grid_square_5x5_two_walls_b,
          minmay_the_grid_square_5x5_intrusive_squares,
          minmay_the_grid_square_5x5_six, minmay_the_grid_square_5x5_six_small],
          layout_loops_ring, lemuel_crystal_altar
D:8:      lemuel_castle_with_subvaults [lemuel_castle_interior_carwin_2],
          layout_cave_pools, grunt_temple_overflow_gold_and_silver,
          kennysheep_mini_moat, enter_bailey_5, uniq_maurice
D:9:      kennysheep_housing_project, layout_irregular_city,
          lemuel_crystal_altar, lemuel_doored_altar, david_orc_5, serial_bayou,
          serial_bayou_crossing, kennysheep_generic_room_13
Temple:   jpeg_temple_alley_garden

Skill      XL: |  1  2  3  4  5  6  7  8  9 10 11 |
---------------+----------------------------------+-----
Armour         | 4 5 6 7 |  7.5
Maces & Flails | 3 5 6 8 9 10 | 10.7
Dodging        | 1 2 3 4 |  4.6
Shields        | 4 5 7 8 10 | 10.6
Fighting       | 4 5 6 7 |  7.0
Evocations     | 1 |  1.1

Action                   |  1- 3 |  4- 6 |  7- 9 | 10-12 || total
-------------------------+-------+-------+-------+-------++-------
Melee: Flail             |    97 |   231 |   377 |   585 ||  1290
       Whip              |       |       |   185 |       ||   185
Evoke: Wand              |       |       |     4 |     7 ||    11
  Use: Scroll            |       |     3 |     1 |     1 ||     5
       Potion            |       |       |     3 |     1 ||     4
Armor: Scale mail        |    55 |   144 |   373 |   204 ||   776
Dodge: Dodged            |    37 |   105 |   412 |   311 ||   865
Block: Kite shield       |    63 |   143 |   473 |   417 ||  1096
       Reflection        |       |       |       |     1 ||     1
